 Dungeon Crawl Stone Soup version 0.30-a0-1161-g0704695555 (webtiles) character file.

Game seed: 6493657181563113601

256753 benadryl the Executioner (level 19, -1/184 HPs)
             Began as a Minotaur Fighter on Apr 26, 2023.
             Was a High Priest of Okawaru.
             Slain by a +2 dire flail of protection (31 damage)
             ... on level 1 of the Elven Halls on Apr 27, 2023.
             The game lasted 01:42:27 (36044 turns).

benadryl the Executioner (Minotaur Fighter)        Turns: 36044, Time: 01:42:28

Health: -1/184     AC: 13    Str: 35    XL:     19   Next: 8%
Magic:  20/25      EV: 12    Int:  5    God:    Okawaru [*****.]
Gold:   4832       SH:  0    Dex:  4    Spells: 18/18 levels left

rFire   + . .        Y - +8 executioner's axe "Ketadatz" {vamp, Str+7 Dex-5}
rCold   . . .        (shield currently unavailable)
rNeg    . . .        K - +2 ring mail {Will+}
rPois   +            Z - +0 hat {Will+}
rElec   +            C - scarf {repulsion}
rCorr   .            s - +0 pair of gloves of the Monkey's Uncle {Fly rElec rPois Dex-2}
SInv    +            p - +1 pair of boots
Will    +++..        h - amulet of regeneration Stlth
                     m - ring of protection from fire
HPRegen 1.30/turn    n - ring of see invisible
MPRegen 0.19/turn

%: repel missiles
@: finesse-ful, flying, studying Ice Magic
A: horns 2, retaliatory headbutt, subdued magic 1
}: 2/15 runes: serpentine, barnacled
a: Renounce Religion, Heroism, Finesse, Duel


You were on level 1 of the Elven Halls.
You worshipped Okawaru.
Okawaru was extremely pleased with you.
You visited 7 branches of the dungeon, and saw 32 of its levels.
You visited the Abyss 1 time.
You also visited: Bailey, Gauntlet, Ice Cave and Volcano.

You collected 5768 gold pieces.
You spent 936 gold pieces at shops.

Inventory:

Hand Weapons
 o - the +11 executioner's axe of the Hated {freeze, Int+4}
   (You acquired it on level 7 of the Dungeon)

   Int:       It affects your intelligence (+4).
 E - a +4 broad axe of distortion
 P - a +5 heavy broad axe
 Y - the +8 executioner's axe "Ketadatz" (weapon) {vamp, Str+7 Dex-5}
   (Okawaru gifted it to you on level 12 of the Dungeon)

   Str:       It affects your strength (+7).
   Dex:       It affects your dexterity (-5).
Missiles
 g - 3 silver javelins
 v - a throwing net
 T - 6 javelins (quivered)
Armour
 p - a +1 pair of boots (worn)
 s - the +0 pair of gloves of the Monkey's Uncle (worn) {Fly rElec rPois Dex-2}
   (You found it on level 3 of the Dungeon)

   Dex:       It affects your dexterity (-2).
   rElec:     It insulates you from electricity.
   rPois:     It protects you from poison.
   Fly:       It grants you flight.
 C - a scarf of repulsion (worn)
 K - a +2 ring mail of willpower (worn)
 O - a +1 kite shield of reflection
 Z - a +0 hat of willpower (worn)
Jewellery
 h - an amulet of regeneration (around neck)
 m - a ring of protection from fire (left hand)
 n - a ring of see invisible (right hand)
Wands
 b - a wand of digging (6)
 G - a wand of polymorph (3)
 H - a wand of roots (31)
 J - a wand of quicksilver (15)
 R - a wand of flame (12)
 S - a wand of mindburst (3)
Scrolls
 c - 9 scrolls of identify {@r1}
 f - 2 scrolls of enchant armour
 j - 12 scrolls of teleportation
 l - 6 scrolls of poison
 r - 3 scrolls of fog
 t - 5 scrolls of noise
 u - 4 scrolls of blinking
 x - a scroll of fear
 y - 3 scrolls of silence
 A - 5 scrolls of vulnerability
 F - a scroll of amnesia
 I - 4 scrolls of immolation
 Q - 2 scrolls of torment
Potions
 d - 7 potions of might
 e - 3 potions of flight
 i - 14 potions of curing {@q1}
 k - 4 potions of attraction
 q - 11 potions of haste
 w - 9 potions of mutation
 z - 7 potions of resistance
 B - 3 potions of ambrosia
 D - a potion of lignification
 L - 5 potions of cancellation
 M - 2 potions of invisibility
 N - 2 potions of heal wounds
 U - a potion of berserk rage
Miscellaneous
 a - a piece from Xom's chessboard (15/15)
 V - a lightning rod (4/4)


   Skills:
 + Level 19.7 Fighting
 - Level 24.0 Axes
 - Level 10.0 Throwing
 - Level 10.0 Armour
 - Level 10.0 Dodging
 - Level 15.0 Shields
 - Level 10.0 Invocations
 - Level 10.0 Evocations


You had 18 spell levels left.
You didn't know any spells.
Your spell library contained the following spells:

 Spells                   Type           Power      Damage    Failure   Level
 Apportation              Tloc           0%         N/A       52%         1
 Beastly Appendage        Tmut           0%         N/A       52%         1
 Magic Dart               Conj           0%         1d3       52%         1
 Necrotise                Necr           0%         1d4       52%         1
 Slow                     Hex            0%         N/A       52%         1
 Poisonous Vapours        Pois/Air       0%         N/A       67%         2
 Sublimation of Blood     Necr           0%         N/A       67%         2
 Wereblood                Tmut           0%         N/A       67%         2
 Confusing Touch          Hex            0%         N/A       88%         3
 Dazzling Flash           Conj/Hex       0%         N/A       88%         3
 Mephitic Cloud           Conj/Pois/Air  0%         N/A       88%         3
 Ozocubu's Armour         Ice            0%         N/A       88%         3
 Portal Projectile        Hex/Tloc       0%         N/A       88%         3
 Spider Form              Tmut/Pois      0%         N/A       88%         3
 Vampiric Draining        Necr           0%         2d6       88%         3
 Volatile Blastmotes      Fire/Tloc      0%         2d10      88%         3
 Anguish                  Hex/Necr       0%         N/A       99%         4
 Dispel Undead            Necr           0%         3d6       99%         4
 Fulminant Prism          Conj/Hex       0%         3d5       99%         4
 Iskenderun's Mystic Bla  Conj/Tloc      0%         2d3       99%         4
 Leda's Liquefaction      Hex/Erth       0%         N/A       99%         4
 Manifold Assault         Tloc           0%         N/A       99%         4
 Petrify                  Tmut/Erth      0%         N/A       99%         4
 Agony                    Necr           0%         N/A       100%        5
 Alistair's Intoxication  Tmut/Pois      0%         N/A       100%        5
 Lee's Rapid Deconstruct  Erth           0%         3d4*      100%        5
 Metabolic Englaciation   Hex/Ice        0%         N/A       100%        5
 Silence                  Hex/Air        0%         N/A       100%        5
 Dispersal                Tloc           0%         N/A       100%        6
 Starburst                Conj/Fire      0%         6d3       100%        6
 Statue Form              Tmut/Erth      0%         N/A       100%        6
 Ozocubu's Refrigeration  Ice            0%         4d7       100%        7
 Disjunction              Tloc           0%         N/A       100%        8
 Polar Vortex             Ice            0%         N/A       100%        9
 Summon Small Mammal      Summ           Unusable   N/A       N/A         1
 Call Imp                 Summ           Unusable   N/A       N/A         2
 Call Canine Familiar     Summ           Unusable   N/A       N/A         3
 Simulacrum               Ice/Necr       Unusable   N/A       N/A         6
 Summon Hydra             Summ           Unusable   N/A       N/A         7

Dungeon Overview and Level Annotations

Branches:
Dungeon (15/15)            Temple (1/1) D:4            Lair (5/5) D:10
 Shoals (4/4) Lair:3        Snake (4/4) Lair:3        Slime (0/5) Lair:5
    Orc (2/2) D:11            Elf (1/3) Orc:2        Vaults (0/5) D:14
 Depths (0/4) D:15         Bailey (visited)           IceCv (visited)
Volcano (visited)         Gauntlet (visited)

Altars:
Elyvilon
Gozag
Hepliaklqana
Makhleb
Okawaru
Qazlal
Ru
Sif Muna
Uskayaw
Wu Jian
Xom
Zin
The Shining One
Lugonu

Shops:
D:8 =   D:9 *   Orc:1 *   Orc:2 :(=?   Shoals:2 [   Shoals:3 =   Shoals:4 :
Snake:1 =*   Snake:2 [

Portals:
Abyss: Lair:5

Annotations:
D:3 1 runed translucent door, Crazy Yiuf
D:7 2 transporters, Sleet's ghost, novice DsFi
D:10 2 transporters
D:12 2 transporters, Agofijos's ghost, journeyman OpVM
Shoals:2 Ilsuiw
Orc:1 2 transporters, Bekuax's ghost, journeyman MfVM
Elf:1 2 runed translucent doors, Myrud's ghost, adept HOFi


Innate Abilities, Weirdness & Mutations

You have a pair of horns on your head.
You reflexively headbutt those who attack you in melee.
Your spells are a little easier to cast, but a little less powerful.


Message History

The deep elf knight hits you with a +0 short sword!
The +3 scimitar of freezing hits you!
The +3 scimitar of freezing freezes you.
The +2 dire flail of protection hits you!
You can now deal lightning-fast blows.
The +2 dire flail of protection hits you!!
* * * LOW HITPOINT WARNING * * *
The +3 scimitar of freezing hits you.
* * * LOW HITPOINT WARNING * * *
The +3 scimitar of freezing freezes you.
* * * LOW HITPOINT WARNING * * *
The deep elf zephyrmancer gestures at you while chanting.
The bolt of lightning hits the +3 scimitar of freezing.
The +3 scimitar of freezing completely resists.
The bolt of lightning hits you! You resist.
* * * LOW HITPOINT WARNING * * *
The bolt of lightning hits you. You resist.
* * * LOW HITPOINT WARNING * * *
The deep elf pyromancer gestures wildly while chanting.
The deep elf pyromancer blinks!
The deep elf zephyrmancer gestures at you while chanting.
The bolt of lightning misses the +2 dire flail of protection.
The bolt of lightning hits you. You resist.
* * * LOW HITPOINT WARNING * * *
The deep elf pyromancer closely misses you.
The deep elf pyromancer casts a spell.
The deep elf pyromancer blinks!
The deep elf knight gestures wildly while chanting.
The deep elf knight seems to speed up.
The deep elf pyromancer mumbles some strange words.
The deep elf pyromancer blinks!
The deep elf archer casts a spell.
The deep elf archer blinks!
You slice the deep elf pyromancer!!
You feel better.
The deep elf pyromancer is severely wounded.
You miss the deep elf knight.
You closely miss the +3 scimitar of freezing.
You miss the +2 dire flail of protection.
The +2 dire flail of protection hits you!!
You die...

#.# #! # #.# #.. .## #.#
.# ... ..# #.# #.#
###.####.# #.# #.#
.......#.# #[# #.
......e#.# #.# #
...§.§(#.# #.#
)ee8.§e@$# ##'## #
...e.E(#e# #...########
.ee..ee#.####...'......'
.......#........########
###.####..####### # ...
....## [(. ###### ##


You could see 2 deep elf archers, a deep elf knight (fast), an earth elemental,
5 deep elf pyromancers, 2 deep elf zephyrmancers and 2 dancing weapons.

Vanquished Creatures
  A bone dragon (Abyss:4)
  Jorgrun (Orc:2)
  Rupert (D:12)
  A lich (Abyss:4)
  2 quicksilver dragons (Snake:4)
  Polyphemus (Arena)
  Frances (D:12)
  Donald (Shoals:1)
  2 nagarajas (Snake:4)
  A frost giant (IceCv)
  A deep elf sorcerer (Elf:1)
  Aizul (Snake:1)
  Louise (D:15)
  Nessos (Lair:3)
  Azrael (Snake:2)
  A minotaur (Gauntlet)
  Snorg (Lair:4)
  8 merfolk impalers
  A blizzard demon (Gauntlet)
  6 merfolk javelineers
  An entropy weaver (shapeshifter) (D:15)
  4 vault guards (D:14)
  4 salamander tyrants
  6 hydras
  A catoblepas (D:14)
  3 merfolk avatars
  Erolcha (Orc:2)
  14 anacondas
  A dancing weapon (Volcano)
  3 boulder beetles
  3 centaur warriors
  3 merfolk aquamancers
  5 satyrs
  An alligator snapping turtle (Shoals:4)
  8 naga warriors
  5 two-headed ogres
  5 tengu warriors
  25 death yaks
  Urug (Orc:2)
  5 orc high priests
  4 thrashing horrors (Lair:5)
  6 naga sharpshooters
  A soul eater (Gauntlet)
  3 deep elf knights (Elf:1)
  4 skeletal warriors
  5 shock serpents
  4 salamander mystics
  4 skysharks
  A wretched star (Abyss:4)
  10 sea snakes
  A deep elf archer (Elf:1)
  6 deep elf zephyrmancers (Elf:1)
  8 wizards
  25 harpies
  6 naga ritualists
  5 orc knights
  A necromancer (D:15)
  5 deep elf pyromancers
  11 cyclopes
  16 manticores
  11 ugly things
  An oklob plant (Lair:5)
  A manticore (shapeshifter) (D:13)
  11 mana vipers
  18 fauns
  6 orc sorcerers
  9 elephants (Lair:5)
  19 salamanders
  5 toenail golems (Volcano)
  41 black mambas
  8 merfolk sirens
  8 naga magi
  4 water nymphs
  11 cane toads
  3 orange demons (D:12)
  7 guardian serpents (Snake:4)
  8 starcursed masses (Abyss:4)
  An ice statue (IceCv)
  2 torpor snails (Lair:4)
  2 gargoyles
  2 smoke demons
  3 centaur skeletons (D:15)
  An efreet (D:15)
  Psyche (D:12)
  10 rime drakes
  A tengu conjurer (D:15)
  10 komodo dragons
  5 unseen horrors
  2 freezing wraiths (D:14)
  2 ancient zymes
  30 merfolk
  A catoblepas skeleton (Abyss:4)
  3 meliai (D:15)
  4 polar bears (IceCv)
  A queen bee (D:15)
  6 trolls
  8 wind drakes
  4 raiju (Abyss:4)
  33 blink frogs
  A harpy skeleton (Abyss:4)
  4 snapping turtles
  9 dream sheep
  15 slime creatures
  A flying skull (Abyss:4)
  6 centaur simulacra
  A snapping turtle (shapeshifter) (Lair:5)
  11 water elementals
  An air elemental (Elf:1)
  2 wraiths
  2 ynoxinuls
  2 shadows
  42 yaks
  2 spriggans (Lair:5)
  12 small abominations
  3 fire bats (Orc:2)
  5 wyverns
  4 fire elementals
  A vampire (D:14)
  5 basilisks
  3 vampire mosquitoes (D:13)
  A steam dragon (D:8)
  3 chaos spawn
  3 acid dragons
  3 large abominations
  34 nagas
  3 wargs (Orc:1)
  14 water moccasins
  2 hell hounds (Snake:2)
  A black bear (D:5)
  26 orc warriors
  2 sky beasts (D:7)
  5 ogres
  27 wolves
  2 centaurs
  A phantom (D:6)
  Blork the orc (D:6)
  12 bullfrogs
  8 gnoll sergeants (Bailey)
  An earth elemental (Abyss:4)
  8 scorpions
  A cane toad simulacrum (Gauntlet)
  6 wights
  18 killer bees
  A troll skeleton (D:11)
  A howler monkey (D:6)
  11 electric eels
  5 spriggan skeletons (D:11)
  22 orc priests
  11 gnoll boudas
  6 hounds
  3 iguanas
  A sleepcap (D:5)
  22 orc wizards
  9 adders
  21 gnolls
  2 shadow imps (Gauntlet)
  An ufetubus (D:7)
  5 worms
  2 dart slugs
  109 orcs
  7 ball pythons
  5 bats
  5 endoplasms
  4 giant cockroaches
  3 goblins
  11 hobgoblins
  4 jackals (D:1)
  2 quokkas
  5 frilled lizards
  6 kobolds
  3 rats
1163 creatures vanquished.

Vanquished Creatures (others)
  A naga mage (Snake:4)
  A wolf spider simulacrum (D:15)
  A chaos spawn (Lair:5)
  An orc warrior (Elf:1)
  19 fungi
  284 plants
  4 tentacles (Shoals:1)
  15 withered plants
326 creatures vanquished.

Grand Total: 1489 creatures vanquished

Notes
Turn   | Place    | Note
-------+----------+-------------------------------------------
     0 | D:1      | benadryl the Minotaur Fighter began the quest for the Orb.
     0 | D:1      | Reached XP level 1. HP: 19/19 MP: 0/0
    46 | D:1      | Reached skill level 3 in Axes
    49 | D:1      | Reached XP level 2. HP: 27/27 MP: 1/1
   691 | D:2      | Reached XP level 3. HP: 33/33 MP: 2/2
   721 | D:2      | Reached skill level 4 in Axes
  1232 | D:3      | Reached XP level 4. HP: 41/41 MP: 3/3
  1277 | D:3      | Found a sacrificial altar of Ru.
  1300 | D:3      | Found a glowing golden altar of the Shining One.
  1319 | D:3      | Identified the +0 pair of gloves of the Monkey's Uncle {Fly
                  | rElec rPois Dex-2}
  1342 | D:3      | Found an opulent altar of Gozag.
  1430 | D:3      | Reached skill level 5 in Axes
  1585 | D:3      | Found a faded altar of an unknown god.
  1751 | D:3      | Found a runed translucent door.
  1752 | D:3      | Noticed Crazy Yiuf
  2125 | D:4      | Reached XP level 5. HP: 47/47 MP: 4/4
  2143 | D:4      | Reached skill level 5 in Fighting
  2182 | D:4      | Found a staircase to the Ecumenical Temple.
  2191 | Temple   | Entered the Ecumenical Temple
  2221 | Temple   | Became a worshipper of Warmaster Okawaru
  2311 | D:4      | Reached skill level 6 in Axes
  3093 | D:4      | Reached XP level 6. HP: 56/56 MP: 5/5
  3274 | D:5      | Entered Level 5 of the Dungeon
  3445 | D:5      | Found a white marble altar of Elyvilon.
  3462 | D:5      | Reached skill level 7 in Axes
  3523 | D:5      | Reached XP level 7. HP: 54/63 MP: 6/6
  3908 | D:5      | Reached skill level 8 in Axes
  4010 | D:6      | Noticed Blork the orc
  4019 | D:6      | Killed Blork the orc
  4019 | D:6      | Reached * piety under Okawaru
  4111 | D:6      | Reached skill level 9 in Axes
  4140 | D:6      | Reached XP level 8. HP: 31/73 MP: 4/7
  4227 | D:6      | Got the Compilation of Death and Corruption
  4271 | D:6      | Noticed an angel
  4272 | D:6      | Found a glowing silver altar of Zin.
  4476 | D:7      | Identified a scroll of acquirement
  4492 | D:7      | Reached ** piety under Okawaru
  4581 | D:7      | Acquired 895 gold pieces
  4583 | D:7      | Acquired the +11 executioner's axe of the Hated {freeze,
                  | Int+4}
  4633 | D:7      | Reached skill level 10 in Axes
  4724 | D:7      | Found a transporter.
  4728 | D:7      | Noticed Sleet's ghost (novice DsFi)
  4730 | D:7      | Noticed a moth of wrath
  4788 | D:7      | Found a transporter.
  4961 | D:7      | Reached skill level 11 in Axes
  5176 | D:7      | Reached skill level 12 in Axes
  5593 | D:8      | Reached XP level 9. HP: 71/80 MP: 8/8
  5644 | D:8      | Found Fashrif's Jewellery Shoppe.
  5833 | D:8      | Reached skill level 13 in Axes
  5835 | D:8      | Reached *** piety under Okawaru
  6187 | D:9      | Found Puat's Demolitions Depot.
  6218 | D:9      | Found a flagged portal.
  6229 | Bailey   | Entered a bailey
  6235 | Bailey   | Reached skill level 14 in Axes
  6537 | Bailey   | HP: 4/80 [gnoll bouda/+0 trident (7)]
  6848 | Bailey   | Reached skill level 15 in Axes
  7048 | Bailey   | Identified the +5 long sword "Qotzutel" {freeze, +Blink
                  | rF++ Int+4}
  7057 | Bailey   | Reached XP level 10. HP: 72/88 MP: 9/9
  7262 | Bailey   | Identified the +2 robe "Gyidut" {Int+5 Slay-2 SInv
                  | Archmagi}
  7616 | D:9      | Found a stormy altar of Qazlal.
  7750 | D:9      | Reached skill level 16 in Axes
  7911 | D:9      | Found a shimmering blue altar of Sif Muna.
  8024 | D:10     | Entered Level 10 of the Dungeon
  8106 | D:10     | Found a staircase to the Lair.
  8109 | D:10     | Reached **** piety under Okawaru
  8422 | D:10     | Found a burning altar of Makhleb.
  8550 | D:10     | Reached skill level 17 in Axes
  8575 | D:10     | Found a transporter.
  8592 | D:10     | Found a transporter.
  8618 | D:10     | Found an ornate altar of the Wu Jian Council.
  8858 | D:11     | Noticed a gargoyle
  8867 | D:11     | Killed a gargoyle
  9063 | D:11     | Reached skill level 18 in Axes
  9064 | D:11     | Reached ***** piety under Okawaru
  9141 | D:11     | Noticed a manticore
  9152 | D:11     | Killed a manticore
  9264 | D:11     | Reached XP level 11. HP: 82/93 MP: 10/10
  9924 | D:11     | Received a gift from Okawaru
 10152 | D:11     | Found a staircase to the Orcish Mines.
 10405 | Lair:1   | Entered Level 1 of the Lair of Beasts
 10446 | Lair:1   | Reached skill level 10 in Fighting
 10790 | Lair:1   | Received a gift from Okawaru
 11009 | Lair:1   | Reached ****** piety under Okawaru
 11410 | Lair:2   | Noticed a death yak
 11410 | Lair:2   | Noticed a death yak
 11410 | Lair:2   | Noticed a death yak
 11411 | Lair:2   | Noticed a death yak
 11414 | Lair:2   | Noticed a death yak
 11429 | Lair:2   | Killed a death yak
 11432 | Lair:2   | Killed a death yak
 11433 | Lair:2   | Reached XP level 12. HP: 71/115 MP: 8/13
 11434 | Lair:2   | Killed a death yak
 11439 | Lair:2   | Killed a death yak
 11440 | Lair:2   | Reached skill level 5 in Invocations
 11440 | Lair:2   | Killed a death yak
 11575 | Lair:2   | Noticed a death yak
 11576 | Lair:2   | Noticed a death yak
 11576 | Lair:2   | Noticed a death yak
 11577 | Lair:2   | Noticed a death yak
 11578 | Lair:2   | Noticed a death yak
 11580 | Lair:2   | Noticed a death yak
 11581 | Lair:2   | Killed a death yak
 11584 | Lair:2   | Killed a death yak
 11584 | Lair:2   | Received a gift from Okawaru
 11586 | Lair:2   | Killed a death yak
 11586 | Lair:2   | Killed a death yak
 11590 | Lair:2   | Killed a death yak
 11592 | Lair:2   | Killed a death yak
 12020 | Lair:3   | Found a staircase to the Snake Pit.
 12032 | Lair:3   | Reached skill level 10 in Invocations
 12110 | Lair:3   | Found a staircase to the Shoals.
 12121 | Lair:3   | Received a gift from Okawaru
 12344 | Lair:3   | Noticed a four-headed hydra
 12349 | Lair:3   | Killed a four-headed hydra
 12439 | Lair:3   | Identified the +7 battleaxe of Megalomania {drain, rPois
                  | SInv} (Okawaru gifted it to you on level 3 of the Lair of
                  | Beasts)
 12439 | Lair:3   | Received a gift from Okawaru
 12441 | Lair:3   | Reached skill level 1 in Evocations
 12508 | Lair:3   | Noticed Nessos
 12515 | Lair:3   | Killed Nessos
 12516 | Lair:3   | Reached XP level 13. HP: 69/123 MP: 16/19
 13215 | Lair:4   | Reached skill level 5 in Evocations
 13285 | Lair:4   | Noticed Snorg
 13300 | Lair:4   | Received a gift from Okawaru
 13671 | Lair:4   | Killed Snorg
 14218 | Lair:4   | HP: 6/123 [death yak (22)]
 14465 | Lair:4   | Identified the +0 ring mail "Ulueclez" {rPois rCorr}
                  | (Okawaru gifted it to you on level 4 of the Lair of Beasts)
 14465 | Lair:4   | Received a gift from Okawaru
 15071 | Lair:5   | Entered Level 5 of the Lair of Beasts
 15388 | Lair:5   | Identified the amulet "Giaq Mimp" {RegenMP Dex+5}
 15457 | Lair:5   | Found a staircase to the Slime Pits.
 15473 | Lair:5   | Reached skill level 10 in Evocations
 15652 | Lair:5   | Reached skill level 5 in Armour
 15655 | Lair:5   | Reached XP level 14. HP: 67/130 MP: 17/20
 16178 | Lair:5   | Identified the +2 plate armour "Lasasim" {Dex+4} (Okawaru
                  | gifted it to you on level 5 of the Lair of Beasts)
 16178 | Lair:5   | Received a gift from Okawaru
 16376 | Lair:5   | Identified the +1 falchion of Anxiety {heavy, MP-9 Dex+5}
 16376 | Lair:5   | Identified the ring "Iwkajien" {rPois Str+4}
 16504 | Lair:5   | Reached skill level 10 in Armour
 16505 | Lair:5   | Reached skill level 1 in Dodging
 16519 | Lair:5   | Found a corrupted altar of Lugonu.
 16519 | Lair:5   | Found a one-way gate to the infinite horrors of the Abyss.
 17116 | Orc:1    | Entered Level 1 of the Orcish Mines
 17123 | Orc:1    | Found Iroofume's Assorted Antiques.
 17234 | Orc:1    | Reached skill level 5 in Dodging
 17474 | Orc:1    | Found a transporter.
 17476 | Orc:1    | Noticed Bekuax's ghost (journeyman MfVM)
 17536 | Orc:1    | Found a transporter.
 17728 | Orc:2    | Entered Level 2 of the Orcish Mines
 17931 | Orc:2    | Noticed Urug
 17940 | Orc:2    | Killed Urug
 18144 | Orc:2    | Noticed Jorgrun
 18154 | Orc:2    | Killed Jorgrun
 18161 | Orc:2    | Received a gift from Okawaru
 18177 | Orc:2    | Found a dark tunnel.
 18201 | Volcano  | Entered a volcano
 18384 | Volcano  | Reached skill level 10 in Dodging
 18480 | Orc:2    | Gained mutation: Your spells are a little easier to cast,
                  | but a little less powerful. [a neqoxec]
 18490 | Orc:2    | Reached XP level 15. HP: 113/138 MP: 21/21
 18527 | Orc:2    | Paralysed by an orc sorcerer for 3 turns
 18534 | Orc:2    | Found Kozyitz's Book Shop.
 18534 | Orc:2    | Found Apettim's Magic Scroll Shoppe.
 18536 | Orc:2    | Found Zuk Puos's Jewellery Shoppe.
 18536 | Orc:2    | Found Rotwee's Weapon Shop.
 18551 | Orc:2    | Bought a scroll of acquirement for 936 gold pieces
 18638 | Orc:2    | Noticed Erolcha
 18642 | Orc:2    | Killed Erolcha
 18651 | Orc:2    | Identified the +0 pair of gloves "Fyok" {rElec rF+}
                  | (Okawaru gifted it to you on level 2 of the Orcish Mines)
 18651 | Orc:2    | Received a gift from Okawaru
 18934 | Orc:2    | Found a staircase to the Elven Halls.
 19225 | D:12     | Found a frozen archway.
 19240 | IceCv    | Entered an ice cave
 19261 | IceCv    | Reached skill level 15 in Fighting
 19514 | IceCv    | Noticed a frost giant
 19681 | IceCv    | Killed a frost giant
 20138 | D:12     | Noticed Psyche
 20139 | D:12     | Killed Psyche
 20401 | D:12     | Noticed Frances
 20409 | D:12     | Killed Frances
 20511 | D:12     | Found a transporter.
 20512 | D:12     | Noticed Agofijos's ghost (journeyman OpVM)
 20513 | D:12     | Found a transporter.
 20513 | D:12     | Identified the +5 dire flail "Heseib" {protect, Will+
                  | Str+3}
 20828 | D:12     | Noticed Rupert
 20838 | D:12     | Killed Rupert
 20838 | D:12     | Identified the +8 executioner's axe "Ketadatz" {vamp, Str+7
                  | Dex-5} (Okawaru gifted it to you on level 12 of the
                  | Dungeon)
 20838 | D:12     | Received a gift from Okawaru
 21548 | D:14     | Reached skill level 19 in Axes
 21632 | D:14     | Found a gate leading to a gauntlet.
 21647 | Gauntlet | Entered a Gauntlet
 21647 | Gauntlet | Found a transporter.
 21647 | Gauntlet | Found a transporter.
 21671 | Gauntlet | Found a transporter.
 21673 | Gauntlet | Found a transporter.
 21689 | Gauntlet | Found a transporter.
 21690 | Gauntlet | Found a transporter.
 21701 | Gauntlet | Found a transporter.
 21718 | Gauntlet | Found a transporter.
 21732 | Gauntlet | Found a transporter.
 21735 | Gauntlet | Found a transporter.
 21743 | Gauntlet | Found a transporter.
 22067 | Gauntlet | Identified the +4 rapier "Cougaak" {flame, rElec rPois
                  | Int-2}
 22144 | D:15     | Entered Level 15 of the Dungeon
 22511 | D:14     | Reached skill level 20 in Axes
 22609 | D:14     | Found a gate to the Vaults.
 22613 | D:14     | Reached XP level 16. HP: 150/157 MP: 16/22
 22626 | D:14     | Received a gift from Okawaru
 22633 | D:14     | Received a gift from Okawaru
 22699 | D:14     | Acquired 672 gold pieces
 23287 | D:15     | Reached skill level 21 in Axes
 23577 | D:15     | Noticed Louise
 23583 | D:15     | Killed Louise
 23684 | D:15     | Found a staircase to the Depths.
 24246 | Snake:1  | Entered Level 1 of the Snake Pit
 24526 | Snake:1  | Reached skill level 22 in Axes
 24556 | Snake:1  | Noticed Aizul
 24565 | Snake:1  | Killed Aizul
 24726 | Snake:1  | Found Maude's Jewellery Shoppe.
 24731 | Snake:1  | Found Unuthromo's General Store.
 25692 | Snake:2  | Identified the +8 flail "Ohuegis" {venom, rPois rF- Dex+2}
 26053 | Snake:2  | Identified the quicksilver dragon scales "Olee" {Will+
                  | Int+5 Dex-4} (Okawaru gifted it to you on level 2 of the
                  | Snake Pit)
 26053 | Snake:2  | Received a gift from Okawaru
 26272 | Snake:2  | Reached skill level 23 in Axes
 26316 | Snake:2  | Noticed Azrael
 26524 | Snake:2  | You are sucked into a shaft and drop 1 floor!
 27063 | Snake:2  | Reached XP level 17. HP: 91/163 MP: 23/23
 27228 | Snake:2  | Killed Azrael
 27259 | Snake:2  | Found Wepudu Lamn's Antique Armour Shop.
 27371 | Snake:3  | Reached skill level 24 in Axes
 27962 | Snake:4  | Entered Level 4 of the Snake Pit
 27987 | Snake:4  | HP: 8/166 [poisoned by a nagaraja (poison arrow)]
 28120 | Snake:4  | Received a gift from Okawaru
 28121 | Snake:4  | Reached skill level 1 in Throwing
 28520 | Snake:4  | Reached skill level 5 in Throwing
 28870 | Snake:4  | Noticed a quicksilver dragon
 28880 | Snake:4  | Killed a quicksilver dragon
 28885 | Snake:4  | Noticed a quicksilver dragon
 28897 | Snake:4  | Killed a quicksilver dragon
 28953 | Snake:4  | Got a serpentine rune of Zot
 29085 | Shoals:1 | Entered Level 1 of the Shoals
 29136 | Shoals:1 | Upgraded the game from 0.30-a0-1160-g6e42c06551 to
                  | 0.30-a0-1161-g0704695555
 29685 | Shoals:1 | You are sucked into a shaft and drop 1 floor!
 29841 | Shoals:2 | Reached skill level 10 in Throwing
 30091 | Shoals:2 | Identified the +9 plate armour "Edomp" {rF- SInv Stlth+}
                  | (Okawaru gifted it to you on level 2 of the Shoals)
 30091 | Shoals:2 | Received a gift from Okawaru
 30286 | Shoals:2 | Noticed Polyphemus
 30299 | Arena    | Entered the Arena
 30304 | Arena    | HP: 8/166 [Polyphemus (17)]
 30307 | Arena    | Killed Polyphemus
 30308 | Arena    | Reached skill level 5 in Shields
 30506 | Shoals:2 | Noticed Ilsuiw
 30624 | Shoals:1 | Reached XP level 18. HP: 108/173 MP: 19/24
 30714 | Shoals:1 | Identified the +1 quarterstaff of Igregh {flame, rN+ Int-3
                  | SInv}
 30787 | Shoals:1 | Noticed Donald
 30794 | Shoals:1 | Killed Donald
 31368 | Shoals:2 | Found Kyptunk's Armour Emporium.
 31764 | Shoals:3 | Found Atuilemu's Jewellery Shop.
 32060 | Shoals:3 | Reached skill level 10 in Shields
 32294 | Shoals:3 | Acquired 757 gold pieces
 32498 | Shoals:4 | Entered Level 4 of the Shoals
 32886 | Shoals:4 | Received a gift from Okawaru
 33030 | Shoals:4 | Received a gift from Okawaru
 33494 | Shoals:4 | Identified the +9 falchion "Beetleslayer" {drain, rC+}
 33517 | Shoals:4 | HP: 8/173 [merfolk/+0 trident (16)]
 34366 | Shoals:4 | Found Puciy's Self-Improvement Boutique.
 34390 | Shoals:4 | HP: 4/173 [merfolk impaler/+2 trident of venom (23)]
 34579 | Shoals:4 | Received a gift from Okawaru
 34775 | Abyss:4  | Found a corrupted altar of Lugonu.
 34775 | Abyss:4  | Cast into level 4 of the Abyss (unwielding a weapon of
                  | distortion)
 34799 | Abyss:4  | Noticed a bone dragon
 34856 | Abyss:4  | Received a gift from Okawaru
 34934 | Abyss:4  | Noticed a bone dragon
 34948 | Abyss:4  | Killed a bone dragon
 34963 | Abyss:4  | Reached skill level 15 in Shields
 35035 | Abyss:4  | Noticed a lich
 35042 | Abyss:4  | Killed a lich
 35045 | Shoals:3 | Escaped the Abyss
 35338 | Shoals:4 | Got a barnacled rune of Zot
 35696 | Elf:1    | Entered Level 1 of the Elven Halls
 35711 | Elf:1    | Received a gift from Okawaru
 35731 | Elf:1    | Reached XP level 19. HP: 179/183 MP: 25/25
 35801 | Elf:1    | Noticed Myrud's ghost (adept HOFi)
 35805 | Elf:1    | Found a runed translucent gate.
 35805 | Elf:1    | Found a runed translucent gate.
 36044 | Elf:1    | Slain by a +2 dire flail of protection

Illustrated notes

Levels and vault maps discovered:
D:1:      lightli_arrival_quake, layout_basic
D:2:      layout_loops_ring, minmay_3d_cube
D:3:      layout_loops_ring, mainiacjoe_overflow_cross_hatched,
          mainiacjoe_overflow_catch_the_wave,
          ebering_ecumenical_altar_petrified, uniq_crazy_yiuf_cottage
D:4:      layout_basic, minmay_temple_entry_junction_2, grunt_decor_junction
D:5:      layout_cave_pools, lemuel_doored_altar, kennysheep_opposing_triangles
D:6:      layout_cave_pools, zin_angel, uniq_blork_the_orc
D:7:      layout_layer_cave, gammafunk_ghost_berserking_beasts,
          kennysheep_generic_room_4
D:8:      layout_loops_cross, serial_shops, nicolae_shop_gaudy_bauble
D:9:      layout_basic, general_overflow_altar,
          nicolae_qazlal_style_of_elements, enter_bailey_4,
          nicolae_blasting_shop
D:10:     gammafunk_worm_tunnel, layout_irregular_city, bloody_makhleb,
          mainiacjoe_overflow_catwalk, erik_lair_island
D:11:     cheibrodos_helix_gallery, layout_loops_ring, erik_orc_2,
          hangedman_tell_no_tales
D:12:     layout_loops_ring, portal_ice_cave_rime, gammafunk_ghost_smash,
          corexii_corridor_pit, einodemon_barbed_minivault, uniq_frances,
          uniq_psyche, uniq_rupert
D:13:     layout_rooms
D:14:     layout_basic, lightli_vaults_fourway_checkpoint,
          gauntlet_entry_generic, solitary_fountain
D:15:     grunt_enter_depths_magical_seal, layout_basic,
          roderic_lattice_octagonal_star, minivault_7, uniq_louise
Temple:   oiseaux_autumnal_temple
Lair:1:   layout_regular_city, nzn_random_ring, serial_bayou_shore_b
Lair:2:   layout_cave_shapes, grunt_megastairs_2, serial_bayou_shore_a
Lair:3:   layout_long_grid, minmay_shoals_entry_hut,
          guppyfry_snake_entry_island, minmay_holes, ldierk_geyser,
          lemuel_fruit_tree, uniq_nessos
Lair:4:   layout_hall_layers, pdpol_lair_cavern_descent, uniq_snorg
Lair:5:   hellmonk_lair_end_abyssal_woods, layout_small_grid, slime_entry_1
Shoals:1: layout_shoals, uniq_donald
Shoals:2: layout_shoals, serial_shops, shop, nicolae_shoals_flooded_hall,
          uniq_polyphemus, uniq_ilsuiw
Shoals:3: layout_shoals, serial_shops, nicolae_shop_gaudy_bauble
Shoals:4: shoals_end_grunt_garden, layout_shoals, nicolae_shop_self_help
Snake:1:  layout_chambers, minmay_shop_star, uniq_aizul
Snake:2:  layout_layer_cave, serial_shops, nicolae_shop_stone, drop_trap,
          uniq_azrael
Snake:3:  layout_cave_pods
Snake:4:  hellmonk_snake_rune_quicksilver_temple, layout_misc_corridors
Orc:1:    layout_caves, gammafunk_ghost_stat_death, serial_shops, shop
Orc:2:    grunt_orc_tribal_feast, layout_diamond_mine,
          nicolae_volcano_entry_batcave, nicolae_orc_rich_vein, uniq_urug,
          uniq_jorgrun, uniq_erolcha
Elf:1:    eino_elf_arrival_shootout, layout_geoelf_grid, gammafunk_ghost_split,
          minivault_28, drop_trap

Skill      XL: |  1  2  3  4  5  6  7  8  9 10 11 12 13 14 15 16 17 18 |
---------------+-------------------------------------------------------+-----
Axes           | 3 4 5 6 7 9 12 15 18 20 23 24 | 24.0
Fighting       | 4 5 6 7 13 14 18 19 | 19.7
Invocations    | 3 10 | 10.0
Evocations     | 3 10 | 10.0
Armour         | 5 10 | 10.0
Dodging        | 10 | 10.0
Throwing       | 10 | 10.0
Shields        | 6 15 | 15.0

Action                     |  1- 3 |  4- 6 |  7- 9 | 10-12 | 13-15 | 16-18 | 19-21 || total
---------------------------+-------+-------+-------+-------+-------+-------+-------++-------
  Melee: War axe           |    85 |   123 |    61 |       |       |       |       ||   269
         Headbutt          |     5 |    22 |    19 |    43 |   122 |   239 |     4 ||   454
         Executioner's axe |       |       |   129 |   309 |   707 |   638 |    40 ||  1823
         Broad axe         |       |       |       |       |       |   458 |       ||   458
  Throw: Javelin           |       |       |       |       |       |     8 |       ||     8
 Invoke: Heroism           |       |       |     3 |     3 |    16 |    10 |       ||    32
         Finesse           |       |       |       |       |     6 |     7 |     1 ||    14
         Duel              |       |       |       |       |       |     1 |       ||     1
  Evoke: Wand              |       |       |       |     7 |     7 |     3 |       ||    17
         Piece from Xom's  |       |       |       |       |     3 |       |       ||     3
         Lightning rod     |       |       |       |       |     1 |       |       ||     1
    Use: Scroll            |       |       |    14 |    12 |    13 |    13 |       ||    52
         Potion            |       |       |     1 |     1 |     1 |    15 |       ||    18
   Stab: Paralysed         |       |       |       |       |     1 |       |       ||     1
 Armour: Scale mail        |    40 |    31 |       |       |       |       |       ||    71
         Chain mail        |       |    18 |    61 |       |       |       |       ||    79
         Ring mail         |       |       |    35 |    73 |   262 |   369 |    12 ||   751
  Dodge: Dodged            |    48 |    62 |   156 |   161 |   389 |   732 |    23 ||  1571
         Repelled          |       |       |       |       |     1 |    37 |     1 ||    39
  Block: Buckler           |    23 |    29 |     9 |       |       |       |       ||    61
         Kite shield       |       |       |       |       |       |   318 |       ||   318
         Reflection        |       |       |       |       |       |    68 |       ||    68

Table legend: (Time is in decaauts)
 A = Elapsed time spent in this place.
 B = Non-inter-level travel time spent in this place.
 C = Inter-level travel time spent in this place.
 D = Time resting spent in this place.
 E = Time spent auto-exploring this place.
 F = Levels seen in this place.
 G = Mean time per level.
                   A        B        C        D        E       F      G
               +--------+--------+--------+--------+--------+-----+--------+
         Total |  35809 |  32527 |   3282 |   8918 |  14168 |  38 |  942.3 |
       Dungeon |  13462 |  12522 |    940 |   1549 |   8588 |  15 |  897.5 |
        Temple |     46 |     25 |     21 |      0 |     21 |   1 |   46.0 |
          Lair |   6939 |   6441 |    498 |   1735 |   3330 |   5 | 1387.8 |
        Shoals |   5701 |   5229 |    472 |   2730 |    354 |   4 | 1425.2 |
     Snake Pit |   4680 |   3610 |   1070 |   1043 |   1336 |   4 | 1170.0 |
  Orcish Mines |   1752 |   1474 |    278 |    436 |    539 |   2 |  876.0 |
   Elven Halls |    332 |    332 |      0 |    126 |      0 |   1 |  332.0 |
         Abyss |    236 |    236 |      0 |     58 |      0 |   1 |  236.0 |
        Bailey |   1174 |   1174 |      0 |    628 |      0 |   1 | 1174.0 |
      Ice Cave |    753 |    753 |      0 |    391 |      0 |   1 |  753.0 |
       Volcano |    256 |    256 |      0 |     47 |      0 |   1 |  256.0 |
      Gauntlet |    450 |    450 |      0 |    162 |      0 |   1 |  450.0 |
         Arena |     23 |     23 |      0 |     12 |      0 |   1 |   23.0 |
               +--------+--------+--------+--------+--------+-----+--------+

Top non-repeatable levels by time:
Shoals:3: 1988 daAuts
 Snake:1: 1856 daAuts
  Lair:5: 1768 daAuts
  Lair:3: 1704 daAuts
    D:11: 1659 daAuts
  Lair:4: 1588 daAuts
Shoals:2: 1403 daAuts
 Snake:3: 1299 daAuts
Shoals:4: 1288 daAuts
  Bailey: 1174 daAuts
     D:4: 1161 daAuts
  Lair:1: 1154 daAuts
    D:12: 1131 daAuts
     D:7: 1128 daAuts
    D:14: 1091 daAuts
